 Dungeon Crawl Stone Soup version 0.32-a0-558-g233958a4c4 (webtiles) character file.

Game seed: 18414513974728962525

122 Goblin1989 the Cudgeller (level 4, 0/38 HPs)
             Began as a Mountain Dwarf Fighter on Mar 1, 2024.
             Was an Initiate of Ru.
             Slain by a ball python (3 damage)
             ... in the Ecumenical Temple.
             The game lasted 00:05:51 (2691 turns).

Goblin1989 the Cudgeller (Mountain Dwarf Fighter)   Turns: 2691, Time: 00:05:51

Health: 0/38       AC:  2    Str: 20    XL:     4   Next: 78%
Magic:  4/4        EV:  9    Int:  9    God:    Ru [......]
Gold:   178        SH:  4    Dex:  9    Spells: 3/3 levels left

rFire   . . .        a - +0 flail
rCold   . . .        c - +0 buckler
rNeg    . . .        b - +0 scale mail
rPois   .            (no helmet)
rElec   .            (no cloak)
rCorr   .            (no gloves)
SInv    .            (no boots)
Will    .....        (no amulet) Stlth
                     (no ring)
HPRegen 0.26/turn    (no ring)
MPRegen 0.09/turn

%: no passive effects
@: lethally poisoned (0 -> -5), corroded
A: runic magic, artefact enchanting
a: Renounce Religion


You were in the Ecumenical Temple.
You worshipped Ru.
Ru was noncommittal.
You visited 2 branches of the dungeon, and saw 5 of its levels.

You collected 178 gold pieces.

Inventory:

Hand Weapons
 a - a +0 flail (weapon)
Armour
 b - a +0 scale mail (worn)
 c - a +0 buckler (worn)
 r - the +5 ring mail of Yshuec {*Corrode rElec rPois rC++}
   (You found it on level 3 of the Dungeon)

   rC++:      It greatly protects you from cold.
   rElec:     It insulates you from electricity.
   rPois:     It protects you from poison *Corrode: It may corrode you when you
   take damage.
Jewellery
 n - a ring of willpower
Scrolls
 e - a scroll of identify {unknown}
 h - 2 scrolls of amnesia {unknown}
 i - 3 scrolls of immolation {unknown}
 o - a scroll of fog {unknown}
 q - a scroll of fear {unknown}
 u - a scroll of enchant weapon {unknown}
Potions
 d - a potion of might {@q4}
 f - 2 potions of cancellation {unknown}
 g - 2 potions of attraction {unknown}
 j - a potion of lignification {unknown}
 k - 2 potions of invisibility {unknown}
 l - 2 potions of heal wounds {unknown}
 m - 3 potions of curing {unknown}
 p - a potion of brilliance {unknown}
 s - a potion of magic {unknown}
 t - a potion of mutation {unknown}


   Skills:
 - Level 3.2 Fighting
 + Level 6.1 Maces & Flails
 - Level 3.2 Armour
 - Level 3.2 Shields


You had 3 spell levels left.
You didn't know any spells.
Your spell library contained the following spells:

 Spells                   Type           Power      Damage    Failure   Level
 Blink                    Tloc           0%         N/A       69%         2
 Lesser Beckoning         Tloc           0%         N/A       69%         2
 Momentum Strike          Conj/Tloc      0%         3d8       69%         2


Dungeon Overview and Level Annotations

Branches:
Dungeon (4/15) Zot: 21404  Temple (1/1) D:4 Zot: 5868

Altars:
Ashenzari
Cheibriados
Dithmenos
Elyvilon
Kikubaaqudgha
Nemelex Xobeh
Ru
Sif Muna
Trog
Uskayaw
Vehumet
Wu Jian
Xom
Yredelemnul
Zin

Annotations:
D:4 exclusion: oklob sapling


Innate Abilities, Weirdness & Mutations

Your spellcasting is much less encumbered by armour.
You can use scrolls of enchantment on lesser artefacts.


Message History

The hobgoblin shouts!
Found a stone staircase leading down.
There is a stone staircase leading up here.
A hobgoblin is nearby!
You barely miss the hobgoblin. The hobgoblin hits you.
You take 2 damage, and have 36/38 hp.
You closely miss the hobgoblin. The hobgoblin closely misses you.
You sock the hobgoblin!
You kill the hobgoblin!
No target in view!
No target in view!
No target in view!
No target in view!
No target in view!
No target in view!
No target in view!
No target in view!
No target in view!
No target in view!
No target in view!
No target in view!
No target in view!
No target in view!
No target in view!
No target in view!
HP restored.
An oklob sapling comes into view.
Found a staircase to the Ecumenical Temple.
Marking area around an oklob sapling as unsafe for travelling.
Health restored: 38
Found a potion of might.
An adder comes into view.
The adder hisses angrily.
A ball python comes into view.
The adder bites the plant.
The plant begins to die.
The oklob sapling spits acid at you. The splash of acid hits you!!
Ouch! That really hurt!
* * * LOW HITPOINT WARNING * * *
The acid corrodes you!
The adder bites the plant.
The plant begins to die.
You take 29 damage, and have 9/38 hp.
MASSIVE DAMAGE!!
The adder bites the plant.
There is a staircase to the Ecumenical Temple here.
The ball python bites the plant.
The plant begins to die.
The ball python grabs the plant.
The ball python constricts the plant.
You climb downwards.
Welcome to the Ecumenical Temple!
Found six altars.
Found a staircase back to the Dungeon.
There is a staircase back to the Dungeon here.
You start resting.
You are no longer corroded.
You regained 3 hp, and now have 13/38 hp.
You start resting.
HP restored.
Health restored: 38
Found four altars.
There is a sacrificial altar of Ru here.
You kneel at the altar of Ru.
Ru welcomes you!
There is a staircase back to the Dungeon here.
This staircase leads to a travel-excluded area!
Okay, then.
This staircase leads to a travel-excluded area!
You climb upwards.
Welcome back to the Dungeon!
Level annotation: exclusion: oklob sapling The oklob sapling spits acid at you.
The splash of acid hits you!!
Ouch! That really hurt!
The acid corrodes you! The adder bites you.
You are poisoned.
The adder poisons you!
There is a staircase to the Ecumenical Temple here.
You take 20 damage, and have 18/38 hp.
MASSIVE DAMAGE!!
You feel sick. The adder bites you.
* * * LOW HITPOINT WARNING * * *
The ball python barely misses you. The ball python closely misses you.
The adder barely misses you.
You climb downwards.
Welcome back to the Ecumenical Temple!
You feel sick.
There is a staircase back to the Dungeon here.
You take 7 damage, and have 11/38 hp.
Unknown command.
You hit the adder.
The adder is lightly wounded.
You feel sick. You block the ball python's attack.
The adder bites you but does no damage.
You closely miss the adder.
The adder is lightly wounded.
You feel sick. The ball python barely misses you.
You block the ball python's attack. The adder bites you.
* * * LOW HITPOINT WARNING * * *
You are lethally poisoned!
The adder poisons you! The ball python completely misses you.
The ball python closely misses you. The adder bites you.
* * * LOW HITPOINT WARNING * * *
You take 6 damage, and have 5/38 hp.
You miss the adder.
The adder is lightly wounded.
* * * LOW HITPOINT WARNING * * *
You feel sick. You block the adder's attack. The ball python bites you.
You die...
Ru respects your ultimate sacrifice.

█≈≈≈..⌂.ß...ß.⌂..§≈§█
█≈≈.......⌂.......≈≈█
██≈..............⌂..≈██
██≈...................§██
█≈..⌂...............⌂.§§█
██≈...................§██
███ß...............ß███
██...................██
█≈..⌂......@S.....⌂..≈█
██.........S.........██
███ß...............ß███
██≈...................≈██
█≈..⌂...............⌂..≈█
██≈...................≈██
██≈..⌂..............≈██
█≈≈.......⌂.......≈≈█
█≈≈≈..⌂.ß...ß.⌂..≈≈≈█


You could see an adder and a ball python.

Vanquished Creatures
  Jessica (D:2)
  3 adders
  A dart slug (D:3)
  3 ribbon worms
  2 orcs (D:3)
  3 endoplasms
  3 giant cockroaches
  9 goblins
  9 hobgoblins
  6 kobolds
  4 ball pythons
  5 bats
  3 frilled lizards
  6 rats
58 creatures vanquished.

Notes
Turn   | Place    | Note
-------+----------+-------------------------------------------
     0 | D:1      | Goblin1989 the Mountain Dwarf Fighter began the quest for
                  | the Orb.
     0 | D:1      | Reached XP level 1. HP: 19/19 MP: 1/1
   152 | D:1      | Reached skill level 3 in Maces & Flails
   264 | D:1      | Reached XP level 2. HP: 26/26 MP: 2/2
   552 | D:1      | Reached skill level 4 in Maces & Flails
   945 | D:2      | Reached XP level 3. HP: 12/31 MP: 3/3
  1427 | D:2      | Reached skill level 5 in Maces & Flails
  1585 | D:2      | Noticed Jessica
  1593 | D:2      | Killed Jessica
  1594 | D:2      | Reached XP level 4. HP: 36/38 MP: 4/4
  1807 | D:3      | Found a bloodstained altar of Trog.
  2072 | D:3      | Identified the +5 ring mail of Yshuec {*Corrode rElec rPois
                  | rC++}
  2114 | D:3      | Reached skill level 6 in Maces & Flails
  2548 | D:4      | Found a staircase to the Ecumenical Temple.
  2559 | Temple   | Entered the Ecumenical Temple
  2676 | Temple   | Became a worshipper of Ru the Awakened
  2691 | Temple   | Slain by a ball python

Illustrated notes

Levels and vault maps discovered:
D:1:      roderic_chinese_lattice_arrival, layout_loops_corners,
          minmay_pentomino_q4
D:2:      layout_basic, uniq_jessica
D:3:      layout_basic, amcnicky_altar_gilded
D:4:      layout_rooms, minmay_temple_entry_oklob, uniq_robin
Temple:   eino_temple_lava

Skill      XL: |  1  2  3  4 |
---------------+-------------+-----
Maces & Flails | 3 4 5 6 |  6.1
Fighting       | |  3.2
Armour         | |  3.2
Shields        | |  3.2

Action                     |  1- 3 |  4- 6 || total
---------------------------+-------+-------++-------
  Melee: Flail             |   110 |    66 ||   176
 Armour: Scale mail        |   104 |    45 ||   149
  Dodge: Dodged            |    46 |    41 ||    87
  Block: Buckler           |    27 |    11 ||    38

Table legend: (Time is in decaauts)
 A = Elapsed time spent in this place.
 B = Non-inter-level travel time spent in this place.
 C = Inter-level travel time spent in this place.
 D = Time resting spent in this place.
 E = Time spent auto-exploring this place.
 F = Levels seen in this place.
 G = Mean time per level.
                   A        B        C        D        E       F      G
               +--------+--------+--------+--------+--------+-----+--------+
         Total |   2726 |   2618 |    108 |    321 |   1868 |   5 |  545.2 |
       Dungeon |   2595 |   2495 |    100 |    213 |   1868 |   4 |  648.8 |
        Temple |    130 |    122 |      8 |    108 |      0 |   1 |  130.0 |
               +--------+--------+--------+--------+--------+-----+--------+

Top non-repeatable levels by time:
     D:2: 927 daAuts
     D:1: 900 daAuts
     D:3: 719 daAuts
  Temple: 130 daAuts
     D:4: 48 daAuts
